 Dungeon Crawl Stone Soup version 0.27.1-34-g3ba077fa99 (webtiles) character file.

Game seed: 10832645150584605624

343 cbfl8 the Sneak (level 6, -5/53 HPs)
             Began as a Minotaur Delver on Jan 15, 2022.
             Was an Initiate of Qazlal.
             Slain by a gnoll (9 damage)
             ... on level 5 of the Dungeon.
             The game lasted 00:05:21 (1852 turns).

cbfl8 the Sneak (Minotaur Delver)                   Turns: 1852, Time: 00:05:22

Health: -5/53      AC:  4    Str: 17    XL:     6   Next: 31%
Magic:  5/5        EV:  5    Int:  9    God:    Qazlal [......]
Gold:   64         SH:  0    Dex: 11    Spells: 5/5 levels left

rFire    . . .     SeeInvis .   a - +0 hand axe
rCold    . . .     Faith    .   (no shield)
rNeg     . . .     Spirit   .   j - +0 plate armour
rPois    .         Reflect  .   (helmet restricted)
rElec    .         Harm     .   (no cloak)
rCorr    .         Rampage  .   (no gloves)
Will     .....                  l - +0 pair of boots
Stlth    ..........             (no amulet)
HPRegen  0.17/turn              (no ring)
MPRegen  0.09/turn              (no ring)

@: corroded
A: horns 2, retaliatory headbutt
a: Renounce Religion


You were on level 5 of the Dungeon.
You worshipped Qazlal.
Qazlal was noncommittal.
You visited 2 branches of the dungeon, and saw 2 of its levels.

You collected 64 gold pieces.

Inventory:

Hand Weapons
 a - a +0 hand axe (weapon)
Missiles
 h - 17 arrows
Armour
 b - a +0 leather armour
 j - a +0 plate armour (worn)
 l - a +0 pair of boots (worn)
Wands
 g - a wand of digging (3)
 m - a wand of flame (26)
Scrolls
 c - a scroll of fog
 d - 2 scrolls of magic mapping
 e - a scroll of fear
 i - 3 scrolls of identify
 k - a scroll of amnesia
Potions
 f - a potion of haste
 n - a potion of attraction {unknown}


   Skills:
 + Level 4.7 Fighting
 + Level 4.2 Axes
 + Level 3.1 Armour
 + Level 2.4 Dodging
 + Level 5.5 Stealth


You had 5 spell levels left.
You didn't know any spells.
Your spell library was empty.

Dungeon Overview and Level Annotations

Branches:
Dungeon (5/15)             Temple (1/1) D:5

Altars:
Dithmenos
Elyvilon
Fedhas
Gozag
Kikubaaqudgha
Makhleb
Okawaru
Qazlal
Ru
Sif Muna
Trog
Uskayaw
Wu Jian
Xom
The Shining One


Innate Abilities, Weirdness & Mutations

You have a pair of horns on your head.
You reflexively headbutt those who attack you in melee.


Message History

You hit the jelly. The acid corrodes you!
Your hands burn!
You headbutt the jelly.
The jelly is heavily wounded.
You barely miss the gnoll. The gnoll hits you with a +0 flail.
The jelly barely misses you.
You hit the jelly but do no damage.
Your hands burn!
The jelly is heavily wounded.
You hit the gnoll but do no damage. The gnoll hits you but does no damage.
The jelly hits you but does no damage.
Your plate armour prevents you from hitting the jelly.
The jelly is heavily wounded.
Your plate armour prevents you from hitting the gnoll.
You barely miss the gnoll. The gnoll hits you with a +0 flail.
The jelly hits you but does no damage. The gnoll hits you with a +0 flail. x2
The jelly hits you but does no damage.
You hit the jelly but do no damage.
Your hands burn!
You headbutt the jelly.
The jelly is severely wounded.
You hit the gnoll. You hit the gnoll but do no damage.
The gnoll hits you with a +0 flail. The jelly hits you but does no damage.
The gnoll hits you but does no damage.
You hit the jelly but do no damage.
Your hands burn!
The jelly is severely wounded.
You barely miss the gnoll. x2; The gnoll hits you with a +0 flail.
The gnoll hits you but does no damage. The jelly hits you but does no damage.
You hit the jelly. The acid corrodes you!
Your hands burn!
The jelly is severely wounded.
You hit the gnoll. You hit the gnoll but do no damage.
The gnoll hits you with a +0 flail.
* * * LOW HITPOINT WARNING * * *
The jelly hits you.
* * * LOW HITPOINT WARNING * * *
You are splashed with acid!
* * * LOW HITPOINT WARNING * * *
The gnoll completely misses you.
Your plate armour prevents you from hitting the jelly.
The jelly is severely wounded.
You barely miss the gnoll.
Your plate armour prevents you from hitting the gnoll.
The gnoll hits you with a +0 flail!
You die...

#########.# #.......
..≈≈≈≈≈..##
.########.######
.≈.....≈.#
...............#
.≈.≈≈≈.≈.#
....##########.#
.≈≈...≈≈.# .. .≈≈._.≈≈.#
##.# .≈≈...≈≈.# #gg# #
.≈.≈≈≈.≈.# ##gg##....
.≈.....≈.######.@J...###
..≈≈≈≈≈..#......##....<#
#########..###### .....#
# #.#.## ...... #.#.#
##...... #...#######...
.. ### ###.#......##.# .
..# #.....####....# ⌠.#
#.#..## ###..#


You could see a jelly and 4 gnolls.

Vanquished Creatures
  A necrophage (D:5)
  A wyvern zombie (D:5)
  A jelly (D:5)
  3 hounds (D:5)
  A centaur skeleton (D:5)
  An iguana (D:5)
  A hound skeleton (D:5)
  An adder (D:5)
  An orc (D:5)
  A quokka (D:5)
12 creatures vanquished.

Vanquished Creatures (others)
  A bullfrog skeleton (D:5)
1 creature vanquished.

Grand Total: 13 creatures vanquished

Notes
Turn   | Place    | Note
-------+----------+-------------------------------------------
     0 | D:5      | cbfl8 the Minotaur Delver began the quest for the Orb.
     0 | D:5      | Reached XP level 1. HP: 19/19 MP: 0/0
     3 | D:5      | Found a hide-covered altar of Uskayaw.
    24 | D:5      | Noticed a hound
    30 | D:5      | Noticed a jelly
    81 | D:5      | Noticed a hound
    88 | D:5      | Killed a hound
    89 | D:5      | Reached XP level 2. HP: 17/27 MP: 1/1
    98 | D:5      | Reached XP level 3. HP: 25/33 MP: 2/2
   291 | D:5      | Reached skill level 5 in Stealth
   366 | D:5      | Reached skill level 1 in Armour
   366 | D:5      | Reached XP level 4. HP: 32/40 MP: 3/3
   525 | D:5      | Found a staircase to the Ecumenical Temple.
   793 | Temple   | Entered the Ecumenical Temple
  1152 | Temple   | Became a worshipper of Qazlal Stormbringer
  1212 | D:5      | Reached XP level 5. HP: 45/47 MP: 4/4
  1321 | D:5      | Noticed a necrophage
  1334 | D:5      | Killed a necrophage
  1419 | D:5      | Reached XP level 6. HP: 8/53 MP: 5/5
  1852 | D:5      | Slain by a gnoll

Illustrated notes

Levels and vault maps discovered:
D:5:      layout_rooms, mainiacjoe_overflow_paths, minmay_temple_entry_junction,
          lemuel_flamethrower_2
Temple:   minmay_temple_curvy_branch

Skill      XL: |  1  2  3  4  5 |
---------------+----------------+-----
Fighting       | 4 |  4.7
Stealth        | 5 |  5.5
Armour         | 1 3 |  3.1
Axes           | 3 4 |  4.2
Dodging        | |  2.4

Action                   |  1- 3 |  4- 6 || total
-------------------------+-------+-------++-------
Melee: Hand axe          |    21 |    62 ||    83
       Headbutt          |     4 |     9 ||    13
  Use: Potion            |     1 |       ||     1
       Scroll            |       |     1 ||     1
Armor: Leather armour    |     2 |       ||     2
       Plate armour      |     3 |    39 ||    42
Dodge: Dodged            |    15 |    23 ||    38
